 Dungeon Crawl Stone Soup version 0.19-a0-645-gfd18b6f (webtiles) character file.

224895 HarleyM the Warrior (level 19, -5/328 HPs)
             Began as an Ogre Berserker on June 12, 2016.
             Was a High Priest of Trog.
             Killed from afar by a merfolk aquamancer (29 damage)
             ... with a great wave of water
             ... on level 4 of the Shoals on June 15, 2016.
             The game lasted 03:24:02 (43484 turns).

HarleyM the Warrior (Ogre Berserker)               Turns: 43484, Time: 03:24:04

Health: -5/328     AC: 29    Str: 37    XL:     19   Next: 31%
Magic:  19/19      EV:  1    Int: 10    God:    Trog [*****.]
Gold:   2035       SH: 20    Dex: 15    Spells: 0 memorised, 18 levels left

rFire  + . .     SeeInvis .     z - +9 flail of Fedhas's Esteem {flame, +Rage Str+3 Int+4}
rCold  + . .     Gourm    .     (armour currently unavailable)
rNeg   + + +     Faith    .     N - +5 shield of the Present {rC+ Str+7}
rPois  +         Spirit   .     (helmet currently unavailable)
rElec  .         Dismiss  .     (cloak currently unavailable)
rCorr  .         Reflect  .     (gloves unavailable)
SustAt .         Harm     .     (boots unavailable)
MR     +++..     NoTele   +     (no amulet)
Stlth  ++........               G - ring of poison resistance
                                E - ring of protection from fire

@: tree-form, regenerating, extremely resistant to hostile enchantments,
unstealthy
A: unfitting armour, (tough skin 0)
a: Berserk, Trog's Hand, Brothers in Arms, Burn Spellbooks, Renounce Religion,
Evoke Berserk Rage
}: 1/15 runes: serpentine


You were on level 4 of the Shoals.
You worshipped Trog.
Trog was extremely pleased with you.
You were near starving.
You were a tree.
You visited 5 branches of the dungeon, and saw 31 of its levels.
You also visited: Labyrinth.

You collected 2764 gold pieces.
You spent 729 gold pieces at shops.

Inventory:

Hand Weapons
 b - a +5 antimagic giant spiked club
 p - the +10 shortbow "Opatism" {venom, -Tele rC+ rN+}
   (Trog gifted it to you on level 4 of the Snake Pit)

   It poisons the ammo it fires.
   It protects you from cold.
   It protects you from negative energy.
   It prevents most forms of teleportation.
 z - the +9 flail of Fedhas's Esteem (weapon) {flame, +Rage Str+3 Int+4}
   (You found it on level 4 of the Dungeon)

   It has been specially enchanted to burn those struck by it, causing extra
   injury to most foes and up to half again as much damage against particularly
   susceptible opponents.
   It affects your strength (+3).
   It affects your intelligence (+4).
   It lets you go berserk.
 D - a +1 antimagic eveningstar
 K - a +3 morningstar of protection
 W - the +9 spear of Zujigaof {freeze, rElec Dex+5 SInv}
   (You took it off a naga sharpshooter on level 4 of the Snake Pit)

   It has been specially enchanted to freeze those struck by it, causing extra
   injury to most foes and up to half again as much damage against particularly
   susceptible opponents.
   It can also slow down cold-blooded creatures.
   It affects your dexterity (+5).
   It insulates you from electricity.
   It lets you see invisible.
Missiles
 A - 49 large rocks (quivered)
Armour
 l - a +0 pearl dragon armour (melded)
 L - the +0 cloak of Fashionability (melded) {MR++ Str+2}
   (You found it on level 3 of the Lair of Beasts)

   It affects your strength (+2).
   It affects your resistance to hostile enchantments.
 N - the +5 shield of the Present (worn) {rC+ Str+7}
   (You bought it in a shop on level 5 of the Dungeon)

   It affects your strength (+7).
   It protects you from cold.
 O - the +0 hat of Incorporation (melded) {rElec}
   (You bought it in a shop on level 5 of the Dungeon)

   It insulates you from electricity.
 Y - a +1 shield of protection
Jewellery
 e - an uncursed ring of flight
 m - an uncursed ring of sustain attributes
 E - a ring of protection from fire (left branch)
 G - a ring of poison resistance (right branch)
 H - an uncursed ring of protection from magic
 T - an uncursed ring of resist corrosion
Wands
 d - a wand of heal wounds (4/9)
 f - a wand of flame (37/48)
 o - a wand of teleportation (3/9)
 q - a wand of lightning (8/15)
 y - a wand of confusion (25/48)
 B - a wand of polymorph (13/24)
 M - a wand of paralysis (5/24)
 S - a wand of disintegration (14/24)
 V - a wand of iceblast (10/15)
Scrolls
 g - a scroll of blinking
 h - 12 scrolls of identify
 i - 12 scrolls of remove curse
 j - 4 scrolls of teleportation
 s - 2 scrolls of magic mapping
 w - a scroll of holy word
 C - 4 scrolls of enchant weapon
 X - a scroll of summoning
 Z - 2 scrolls of recharging
Potions
 a - 4 potions of flight
 k - 3 potions of cure mutation
 n - a potion of haste
 r - a potion of ambrosia
 t - 11 potions of curing
 u - 5 potions of might
 v - a potion of resistance
 J - a potion of invisibility
 U - 3 potions of cancellation
Miscellaneous
 Q - a phial of floods
Comestibles
 c - 9 bread rations
 x - 4 beef jerkies
 F - 11 slices of pizza
 P - a royal jelly
 R - 3 chunks of flesh


   Skills:
 + Level 20.1 Fighting
 - Level 16.0 Maces & Flails
 + Level 13.6 Armour
 + Level 15.2 Dodging
 + Level 13.9 Shields


You had 18 spell levels left.
You didn't know any spells.

Dungeon Overview and Level Annotations

Branches:
Dungeon (15/15)            Temple (0/1) D:7            Lair (6/6) D:8
 Shoals (4/4) Lair:4        Snake (4/4) Lair:2        Slime (0/5) Lair:6
    Orc (2/2) D:9             Elf (0/3) Orc:2        Vaults (0/5) D:14
 Depths (0/5) D:15

Altars:
Ashenzari
Dithmenos
Fedhas
Gozag
Makhleb
Pakellas
Qazlal
Ru
Sif Muna
Trog
Uskayaw
Vehumet
Yredelemnul
Zin
The Shining One
Beogh
Jiyva

Shops:
D:4 %*   D:5 [   D:6 %   D:13 ?   Orc:2 [*(%**

Annotations:
D:7 exclusion: ice statue
Lair:6 1 runed door


Innate Abilities, Weirdness & Mutations

You are too large for most types of armour.
((You have tough skin. (AC +1)))


Message History

The silver sears you!
* * * LOW HITPOINT WARNING * * *
Your deep troll bites the merfolk impaler!!!
The merfolk impaler dies!
Trog accepts your kill.
A merfolk, a merfolk aquamancer and 2 water elementals come into view.
The merfolk aquamancer is wielding a rapier of electrocution.
You cannot move.
You cannot teleport because you are held in place by your roots.
You cannot move.
You cannot move.
You cannot move.
Unknown command.
You feel better.
You hear a haunting song.
The merfolk javelineer throws a silver javelin.
You block the silver javelin.
The merfolk aquamancer gestures at you while chanting.
The great wave of water hits you!
You die...

##≈≈≈≈.......
≈≈≈≈≈.....E.
#≈≈≈m.....m.
≈.##≈≈≈≈≈.....m.
≈≈#≈≈≈≈..≈≈...m.
####≈≈≈.....≈≈....
#≈.≈≈......E.≈E≈≈≈
...≈.....♣..T.≈..≈
≈.P.....)(.......≈
≈........(.).....≈
PPP......[<...≈...
≈...P....[...m≈≈.≈
≈≈P≈......)†....≈≈≈≈
≈≈≈≈.######†..≈..≈≈≈
≈≈≈. ##[.≈≈≈..(≈
≈≈≈P.# ###..≈≈≈≈≈≈≈≈


You could see a merfolk avatar, a merfolk javelineer, 2 merfolk aquamancers, a
merfolk, 3 water elementals and a friendly deep troll (berserk).

Vanquished Creatures
  Vashnia (Snake:3)
  3 krakens
  11 greater nagas
  Wiglaf (Snake:2)
  5 dire elephants (Lair:6)
  Snorg (Lair:6)
  Josephine (Orc:2)
  3 merfolk javelineers (Shoals:3)
  A minotaur (Lab)
  A yaktaur captain (D:15)
  The ghost of GlassEater the Carver, a journeyman MiBe of Trog (Orc:2)
  The ghost of Akett the Covert, a journeyman VSAs of Uskayaw (Lair:4)
  5 merfolk impalers
  18 naga warriors
  3 hydras
  2 merfolk avatars (Shoals:3)
  2 satyrs (Shoals:3)
  15 anacondas
  7 merfolk aquamancers
  2 dancing weapons (D:14)
  2 catoblepae
  2 tengu warriors (D:15)
  4 death yaks (Shoals:3)
  An ogre mage (D:15)
  8 shock serpents
  2 orc high priests (Orc:2)
  17 naga sharpshooters
  The ghost of badtown the Destroyer, a journeyman DECj of Makhleb (D:12)
  Sonja (Lair:2)
  Nergalle (D:10)
  A deep elf knight (D:15)
  A salamander mystic (Snake:4)
  2 fire crabs (Shoals:3)
  14 sea snakes
  4 naga ritualists
  15 harpies
  8 hill giants
  An orc knight (D:15)
  A deep elf mage (D:13)
  5 ugly things
  10 cyclopes
  11 griffons
  8 mana vipers
  2 manticores
  9 fauns
  7 orc sorcerers
  11 salamanders
  Maurice (Orc:1)
  13 elephants
  5 water nymphs
  25 black mambas
  21 naga magi
  9 sirens
  The ghost of Phenom the Ducker, a novice DrBe of Trog (D:6)
  8 guardian serpents
  A torpor snail (Lair:4)
  A gargoyle (D:13)
  15 spiny frogs
  A rime drake (Lair:4)
  An efreet (D:13)
  8 komodo dragons
  A tengu conjurer (D:15)
  6 trolls
  3 two-headed ogres (D:15)
  2 polar bears (D:14)
  A meliai (D:15)
  26 merfolk
  Grinder (D:3)
  10 blink frogs
  19 slime creatures
  6 snapping turtles
  2 shadows
  36 yaks
  8 wraiths
  Sigmund (D:3)
  9 water elementals
  3 wyverns
  Eustachio (D:5)
  3 basilisks
  2 fire bats (Shoals:3)
  A hog (D:11)
  A human (D:11)
  6 hippogriffs
  9 hungry ghosts
  7 vampire mosquitoes (D:14)
  5 wargs
  66 nagas
  A soldier ant (D:11)
  13 water moccasins
  13 porcupines
  24 orc warriors
  2 eyes of draining
  A wasp (D:9)
  A black bear (D:11)
  5 ice beasts
  4 sky beasts
  2 necrophages
  9 ogres
  5 phantoms
  8 wolves
  The ghost of Calenrow the Poker, an amateur OpFi of Dithmenos (D:4)
  14 crocodiles
  10 centaurs
  3 big kobolds
  15 giant frogs
  A water moccasin zombie (D:9)
  7 scorpions
  2 troll zombies (D:9)
  A spriggan skeleton (Lab)
  6 wights
  5 killer bees (D:10)
  2 electric eels (Lair:4)
  4 howler monkeys
  5 crimson imps
  6 centaur zombies
  A quasit (D:7)
  A giant frog zombie (D:12)
  The ghost of chermit the Ducker, a weakling FeMo (D:3)
  2 jellies
  31 orc priests
  4 hounds
  49 orc wizards
  8 centaur skeletons
  4 giant frog skeletons
  Ijyb (D:2)
  Jessica (D:3)
  4 iguanas
  5 worker ants
  Terence (D:2)
  A killer bee zombie (D:6)
  30 sheep
  6 ogre zombies (D:9)
  2 ogre skeletons (Lab)
  Robin (D:2)
  2 worker ant zombies (D:10)
  5 gnolls
  2 howler monkey skeletons
  6 adders
  61 river rats
  3 shadow imps
  2 adder zombies (D:5)
  An adder skeleton (D:6)
  3 worms
  7 giant geckos
  79 orcs
  5 giant cockroaches
  18 goblins
  12 hobgoblins
  17 jackals
  24 kobolds
  4 quokkas
  10 bats
  5 giant newts
  2 goblin skeletons (D:9)
  3 goblin zombies (D:9)
  2 hobgoblin zombies (D:9)
  A jackal skeleton (D:5)
  4 orc skeletons (D:9)
  14 orc zombies (D:9)
  3 quokka skeletons
  10 rats
  3 butterflies
  7 plants
  13 tentacles
1229 creatures vanquished.

Vanquished Creatures (collateral kills)
  Polyphemus (Shoals:3)
  Ilsuiw (Shoals:3)
  6 greater nagas (Snake:4)
  A merfolk impaler (Shoals:4)
  An anaconda (Snake:4)
  2 naga warriors
  3 sea snakes (Snake:4)
  A black mamba (Snake:4)
  A guardian serpent (Snake:4)
  A siren (Shoals:3)
  A naga mage (Snake:2)
  2 meliai (D:15)
  A snapping turtle (Shoals:4)
  6 nagas
28 creatures vanquished.

Vanquished Creatures (others)
  2 fungi
  34 plants
  26 tentacles
  1862 tentacle segments
1924 creatures vanquished.

Grand Total: 3181 creatures vanquished

Notes
Turn   | Place    | Note
--------------------------------------------------------------
     0 | D:1      | HarleyM the Ogre Berserker began the quest for the Orb.
     0 | D:1      | Reached XP level 1. HP: 24/24 MP: 1/1
   194 | D:1      | Reached XP level 2. HP: 11/32 MP: 2/2
   476 | D:1      | Reached skill level 5 in Maces & Flails
   823 | D:1      | Reached XP level 3. HP: 33/39 MP: 3/3
   941 | D:1      | Reached ** piety under Trog
  1551 | D:2      | Found a radiant altar of Vehumet.
  1607 | D:2      | Reached XP level 4. HP: 17/48 MP: 4/4
  1624 | D:2      | Noticed Terence
  1837 | D:2      | Killed Terence
  1889 | D:2      | Found a shattered altar of Ashenzari.
  1896 | D:2      | Found a sacrificial altar of Ru.
  1916 | D:2      | Noticed Ijyb
  1931 | D:2      | Killed Ijyb
  1940 | D:2      | Reached XP level 5. HP: 39/54 MP: 5/5
  2065 | D:2      | Noticed Robin
  2081 | D:2      | Killed Robin
  2081 | D:2      | Reached *** piety under Trog
  2808 | D:3      | Noticed Jessica
  2829 | D:3      | Reached XP level 6. HP: 62/62 MP: 6/6
  2915 | D:3      | Killed Jessica
  3137 | D:3      | Reached **** piety under Trog
  3206 | D:3      | Noticed chermit's ghost (weakling FeMo)
  3220 | D:3      | Killed chermit's ghost
  3391 | D:3      | Noticed Sigmund
  3410 | D:3      | Killed Sigmund
  3410 | D:3      | Reached skill level 10 in Maces & Flails
  3410 | D:3      | Reached XP level 7. HP: 70/70 MP: 7/7
  3524 | D:3      | Found an opulent altar of Gozag.
  3524 | D:3      | Found an oddly glowing altar of Pakellas.
  3530 | D:3      | Found a basalt altar of Yredelemnul.
  3610 | D:3      | Noticed Grinder
  3611 | D:3      | Paralysed by Grinder for 2 turns
  3634 | D:3      | Killed Grinder
  3809 | D:4      | Noticed Calenrow's ghost (amateur OpFi)
  3819 | D:4      | Killed Calenrow's ghost
  3819 | D:4      | Reached XP level 8. HP: 78/78 MP: 8/8
  3915 | D:4      | Found a blossoming altar of Fedhas.
  3927 | D:4      | Found Viegra's Assorted Antiques.
  3940 | D:4      | Bought a scroll labeled NUOKKALAIN for 26 gold pieces
  3940 | D:4      | Bought a scroll labeled JOT BIGHETUKO for 26 gold pieces
  3940 | D:4      | Bought a scroll labeled YPTYSECUNG for 26 gold pieces
  3940 | D:4      | Bought a runed flail for 91 gold pieces
  3959 | D:4      | Found Wampeoxzi's Food Emporium.
  3979 | D:4      | Got a slimy flail
  3980 | D:4      | Identified the +9 flail of Fedhas's Esteem {flame, +Rage Str+3 Int+4} (You found it on level 4 of the Dungeon)
  4476 | D:4      | Bought a bubbling amethyst potion for 23 gold pieces
  4495 | D:5      | Entered Level 5 of the Dungeon
  4768 | D:5      | Noticed a yak
  4769 | D:5      | Noticed a yak
  4769 | D:5      | Noticed a yak
  4769 | D:5      | Noticed a yak
  4774 | D:5      | Killed a yak
  4775 | D:5      | Noticed a yak
  4777 | D:5      | Killed a yak
  4778 | D:5      | Noticed a yak
  4781 | D:5      | Killed a yak
  4781 | D:5      | Reached skill level 1 in Armour
  4781 | D:5      | Reached XP level 9. HP: 40/85 MP: 9/9
  4801 | D:6      | Reached skill level 5 in Fighting
  5283 | D:5      | Reached skill level 6 in Fighting
  5292 | D:5      | Found Fofughaq's Antique Armour Boutique.
  5320 | D:5      | Noticed Eustachio
  5329 | D:5      | Killed Eustachio
  5645 | D:5      | Found a glowing golden altar of the Shining One.
  5796 | D:6      | Reached skill level 7 in Fighting
  5796 | D:6      | Reached skill level 5 in Dodging
  5904 | D:6      | Noticed Phenom's ghost (novice DrBe)
  5925 | D:6      | Killed Phenom's ghost
  5925 | D:6      | Reached XP level 10. HP: 104/104 MP: 10/10
  6190 | D:6      | Reached ***** piety under Trog
  6210 | D:6      | Found a burning altar of Makhleb.
  6317 | D:6      | Found Ijeafuoh's Food Shop.
  6736 | D:7      | Reached skill level 8 in Fighting
  7032 | D:7      | Found a staircase to the Ecumenical Temple.
  7241 | D:7      | Found a hide-covered altar of Uskayaw.
  7569 | D:7      | Noticed an ice statue
  8286 | D:8      | Found a deep blue altar of Sif Muna.
  8504 | D:8      | Found a staircase to the Lair.
  8508 | D:8      | Reached skill level 9 in Fighting
  8508 | D:8      | Reached skill level 5 in Armour
  8718 | D:8      | Found a stormy altar of Qazlal.
  8967 | D:5      | Bought a scorched shield for 237 gold pieces
  8967 | D:5      | Bought a jewelled hat for 225 gold pieces
  8980 | D:5      | Identified the +0 hat of Incorporation {rElec} (You bought it in a shop on level 5 of the Dungeon)
  8987 | D:5      | Identified the +5 shield of the Present {rC+ Str+7} (You bought it in a shop on level 5 of the Dungeon)
  9184 | Lair:1   | Entered Level 1 of the Lair of Beasts
  9195 | Lair:1   | Noticed a spiny frog
  9590 | D:8      | Reached skill level 1 in Shields
  9611 | D:8      | Killed a spiny frog
  9986 | Lair:1   | Reached XP level 11. HP: 96/117 MP: 11/11
  9993 | Lair:1   | Reached skill level 10 in Fighting
 10432 | Lair:1   | Received a gift from Trog
 10890 | Lair:2   | Noticed Sonja
 11204 | Lair:2   | Reached skill level 11 in Fighting
 11408 | Lair:2   | Found an opulent altar of Gozag.
 11497 | Lair:2   | Killed Sonja
 11846 | Lair:2   | Reached XP level 12. HP: 86/130 MP: 12/12
 12000 | Lair:2   | Found a staircase to the Snake Pit.
 12247 | Lair:2   | Reached skill level 5 in Shields
 12691 | Lair:3   | Got a heavily runed cloak
 12702 | Lair:3   | Identified the +0 cloak of Fashionability {MR++ Str+2} (You found it on level 3 of the Lair of Beasts)
 13232 | Lair:4   | Received a gift from Trog
 13263 | Lair:4   | Reached skill level 12 in Fighting
 13658 | Lair:4   | Noticed Akett's ghost (journeyman VSAs)
 13674 | Lair:4   | Killed Akett's ghost
 14150 | Lair:4   | Found a staircase to the Shoals.
 14809 | Lair:5   | Reached skill level 13 in Fighting
 14880 | Lair:5   | Received a gift from Trog
 14883 | Lair:5   | Got a dazzling quarterstaff {god gift}
 15117 | Lair:5   | Identified the +0 quarterstaff of Excruciating Pain {holy, *Drain Int+3 Stlth+} (Trog gifted it to you on level 5 of the Lair of Beasts)
 15134 | Lair:5   | Reached XP level 13. HP: 132/144 MP: 13/13
 15851 | Lair:6   | Entered Level 6 of the Lair of Beasts
 16140 | Lair:6   | Noticed Snorg
 16164 | Lair:6   | Killed Snorg
 16164 | Lair:6   | Reached skill level 10 in Dodging
 16500 | Lair:6   | Found a runed door.
 16501 | Lair:6   | Found a viscous altar of Jiyva.
 16524 | Lair:6   | Found a staircase to the Slime Pits.
 16524 | Lair:6   | Noticed an azure jelly
 16525 | Lair:6   | Noticed an azure jelly
 16572 | Lair:6   | Received a gift from Trog
 17055 | Lair:6   | Noticed a dire elephant
 17055 | Lair:6   | Noticed a dire elephant
 17071 | Lair:6   | Noticed a dire elephant
 17072 | Lair:6   | Noticed a dire elephant
 17073 | Lair:6   | Killed a dire elephant
 17073 | Lair:6   | Reached skill level 14 in Fighting
 17075 | Lair:6   | Killed a dire elephant
 17079 | Lair:6   | Killed a dire elephant
 17083 | Lair:6   | Killed a dire elephant
 17127 | Lair:6   | Noticed a dire elephant
 17142 | Lair:6   | Killed a dire elephant
 17193 | Lair:6   | Identified a scroll of acquirement
 17458 | D:9      | Found a staircase to the Orcish Mines.
 17496 | D:10     | Entered Level 10 of the Dungeon
 17760 | D:9      | Reached XP level 14. HP: 157/157 MP: 14/14
 17776 | D:9      | Found a shadowy altar of Dithmenos.
 18200 | D:9      | Found a glowing silver altar of Zin.
 18309 | D:10     | Noticed Nergalle
 18324 | D:10     | Killed Nergalle
 19530 | D:11     | Found an opulent altar of Gozag.
 19653 | D:11     | Reached ****** piety under Trog
 19659 | D:11     | Received a gift from Trog
 20351 | D:12     | Noticed badtown's ghost (journeyman DECj)
 20356 | D:12     | Found a glowing silver altar of Zin.
 20378 | D:12     | Killed badtown's ghost
 20723 | D:12     | Reached skill level 10 in Armour
 20837 | D:12     | Reached skill level 15 in Fighting
 21335 | Orc:1    | Entered Level 1 of the Orcish Mines
 21385 | Orc:1    | Found a roughly hewn altar of Beogh.
 21518 | Orc:2    | Entered Level 2 of the Orcish Mines
 21518 | Orc:2    | Found Gufehe Fute's Antique Armour Shop.
 21518 | Orc:2    | Noticed Maurice
 21518 | Orc:2    | Noticed GlassEater's ghost (journeyman MiBe)
 21642 | Orc:2    | Killed GlassEater's ghost
 21789 | Orc:2    | Received a gift from Trog
 22112 | Orc:2    | Found Olefrebe's Weapon Shoppe.
 22112 | Orc:2    | Found Beifreac's General Store.
 22118 | Orc:2    | Found Reuz's Assorted Antiques.
 22118 | Orc:2    | Found Fescheqo's Food Emporium.
 22200 | Orc:2    | Received a gift from Trog
 22280 | Orc:2    | Found a roughly hewn altar of Beogh.
 22297 | Orc:2    | Found Yliog's Assorted Antiques.
 22416 | Orc:2    | Found a staircase to the Elven Halls.
 22579 | Orc:1    | Killed Maurice
 22837 | Orc:1    | Noticed Josephine
 22938 | Orc:2    | Killed Josephine
 22938 | Orc:2    | Reached XP level 15. HP: 164/167 MP: 15/15
 23284 | D:13     | Received a gift from Trog
 23284 | D:13     | Reached skill level 10 in Shields
 23622 | D:13     | Found Yhusahe's Magic Scroll Boutique.
 23725 | D:13     | Found a labyrinth entrance.
 23744 | Lab      | Entered a labyrinth
 24347 | D:14     | Found a gate to the Vaults.
 24434 | D:14     | Found a bloodstained altar of Trog.
 24782 | D:14     | Reached skill level 16 in Fighting
 24792 | D:15     | Entered Level 15 of the Dungeon
 26050 | D:15     | Found a staircase to the Depths.
 26104 | D:15     | Gained mutation: You evolve. [potion of beneficial mutation]
 26585 | D:15     | Received a gift from Trog
 26882 | D:15     | Upgraded the game from 0.19-a0-611-gb5a7e8d to 0.19-a0-645-gfd18b6f
 27090 | Snake:1  | Entered Level 1 of the Snake Pit
 27848 | Snake:1  | Reached skill level 15 in Maces & Flails
 27848 | Snake:1  | Reached XP level 16. HP: 120/180 MP: 16/16
 29100 | Snake:2  | Received a gift from Trog
 29416 | Snake:2  | Reached skill level 17 in Fighting
 29611 | Snake:3  | Noticed a greater naga
 29636 | Snake:3  | Killed a greater naga
 30054 | Snake:3  | Noticed Wiglaf
 30220 | Snake:2  | Killed Wiglaf
 31108 | Snake:3  | Noticed Vashnia
 31179 | Snake:3  | Killed Vashnia
 31737 | Snake:3  | Received a gift from Trog
 31977 | Snake:3  | Noticed a greater naga
 31997 | Snake:3  | Killed a greater naga
 32237 | Snake:3  | Noticed a greater naga
 32242 | Snake:3  | Noticed a greater naga
 32246 | Snake:3  | Killed a greater naga
 32251 | Snake:3  | Killed a greater naga
 32262 | Snake:3  | Reached XP level 17. HP: 162/192 MP: 17/17
 32690 | Snake:4  | Entered Level 4 of the Snake Pit
 32874 | Snake:4  | Lost mutation: You evolve. [evolution]
 33042 | Snake:4  | Reached skill level 18 in Fighting
 33076 | Snake:4  | Received a gift from Trog
 33470 | Snake:4  | Got a slimy shortbow {god gift}
 33498 | Snake:4  | Identified the +10 shortbow "Opatism" {venom, -Tele rC+ rN+} (Trog gifted it to you on level 4 of the Snake Pit)
 34444 | Snake:4  | Received a gift from Trog
 34924 | Snake:4  | Got a serpentine rune of Zot
 35711 | Snake:4  | Reached XP level 18. HP: 171/206 MP: 18/18
 35931 | Snake:4  | Got an uncursed steaming spear {freeze}
 35933 | Snake:4  | Identified the +9 spear of Zujigaof {freeze, rElec Dex+5 SInv} (You took it off a naga sharpshooter on level 4 of the Snake Pit)
 36530 | Snake:4  | Received a gift from Trog
 36530 | Snake:4  | Reached skill level 19 in Fighting
 37100 | Orc:2    | Bought 3 scrolls labeled DALAYW KASIRPH for 75 gold pieces
 37277 | Shoals:1 | Entered Level 1 of the Shoals
 38778 | Shoals:1 | Received a gift from Trog
 41173 | Shoals:3 | Noticed Polyphemus
 41208 | Shoals:3 | Killed Polyphemus
 41930 | Shoals:3 | Reached XP level 19. HP: 215/218 MP: 19/19
 42242 | Shoals:4 | Entered Level 4 of the Shoals
 42268 | Shoals:4 | Noticed Ilsuiw
 42330 | Shoals:3 | Killed Ilsuiw
 42330 | Shoals:3 | Reached skill level 15 in Dodging
 42864 | Shoals:3 | Reached skill level 20 in Fighting
 43483 | Shoals:4 | HP: 11/328 [merfolk javelineer/silver javelin (10)]
 43484 | Shoals:4 | Killed from afar by a merfolk aquamancer

Vault maps used:
D:1:      saegor_arrival_simple_a
D:2:      ashenzari_altar_1, nicolae_overflow_hidden_temple,
          fiery_altar_vehumet, hex_large, uniq_terence, uniq_robin, uniq_iyjb
D:3:      gammafunk_temple_overflow_claw, first_bread, minmay_misc_feat_encased,
          grunt_ministairs_6, moated_statue, uniq_jessica, uniq_sigmund,
          uniq_grinder
D:4:      fedhas_altar_2, serial_shops, shop, nicolae_shop_behind_doors,
          minmay_cupped
D:5:      nicolae_overflow_crystal_walls, serial_shops, nicolae_shop_stone,
          uniq_eustachio
D:6:      lemuel_crystal_altar, serial_shops, shop, wad_floor_pattern_2
D:7:      lemuel_ice_statue, lemuel_round_altar, temple_green
D:8:      led_sif_book, nicolae_qazlal_eye_of_the_storm, david_lair_shrubbed
D:9:      grunt_temple_overflow_open, zombieorc2_lemuel
D:10:     uniq_nergalle
D:11:     grunt_livestock, nicolae_gozag_seed_capital
D:12:     serial_curves, eino_curves_02, eino_curves_01, basic_altar,
          feat_on_display
D:13:     serial_shops, kennysheep_mini_moat, lab_entry_generic
D:14:     erik_vaults_1, small_statue_intersection, trog_ov_bears_minmay
D:15:     hangedman_depths_entry_civil_slaughter
Lair:1:   grunt_megastairs_5, serial_bayou_shore_a, lemuel_fruit_tree
Lair:2:   minmay_snake_entry_guardpost_medium, basic_altar, beast_lair_carwin_8,
          lemuel_fruit_fields, grunt_megastairs_1, uniq_sonja
Lair:3:   infiniplex_staircase_pool_2
Lair:4:   minmay_shoals_entry_hut, lemuel_fruit_fields,
          infiniplex_staircase_pool
Lair:5:   serial_bayou_shore_b, grunt_megastairs_2
Lair:6:   due_jungle_book, slime_altar_2, uniq_snorg
Shoals:1: nicolae_shoals_loop_pool
Shoals:2: nicolae_shoals_water_shrine
Shoals:3: nicolae_shoals_stone_sculpture_thing, hangedman_shoal_volcano,
          uniq_polyphemus
Shoals:4: shoals_end_grunt_ice, shoal_ilsuiw
Snake:1:  grunt_ministairs_4, st_stairs_12
Snake:2:  serial_bayou_shore_b
Snake:3:  special_room, uniq_vashnia, uniq_wiglaf
Snake:4:  grunt_snake_rune_pools, nicolae_snake_double_loop, grunt_ministairs_14
Orc:1:    basic_altar, uniq_josephine
Orc:2:    st_orc_mages, basic_altar, serial_shops, nicolae_shop_statue_plus,
          shop, uniq_maurice
Lab:      labyrinth_hidden_loot, lab_block, nicolae_lab_x, nicolae_lab_t_cross,
          labyrinth_skeletal_remains, nicolae_lab_flowing_pool,
          nicolae_lab_grate_2, nicolae_lab_lava, nicolae_lab_blocks, lab_hedge,
          lab_fountain, nicolae_lab_hexagon

Skill      XL: |  1  2  3  4  5  6  7  8  9 10 11 12 13 14 15 16 17 18 19 |
---------------+----------------------------------------------------------+-----
Maces & Flails | 5 6 7 8 10 11 14 15 16 | 16.0
Armour         | 1 4 5 6 8 9 10 11 12 13 | 13.6
Dodging        | 3 5 7 8 9 10 11 12 13 14 15 | 15.2
Fighting       | 7 9 11 13 14 15 16 17 18 19 20 | 20.1
Shields        | 2 4 6 8 9 10 11 12 13 | 13.9

Action                   |  1- 3 |  4- 6 |  7- 9 | 10-12 | 13-15 | 16-18 | 19-21 || total
-------------------------+-------+-------+-------+-------+-------+-------+-------++-------
Melee: Mace              |   138 |   180 |       |       |       |       |       ||   318
       War axe           |       |    33 |    44 |       |       |       |       ||    77
       Flail             |       |       |   152 |   593 |  1410 |  1383 |   132 ||  3670
       Spear             |       |       |       |       |       |       |    22 ||    22
Throw: Tomahawk          |       |       |       |    18 |     1 |       |       ||    19
       Large rock        |       |       |       |       |    12 |   127 |    29 ||   168
Invok: Berserk           |       |     7 |     4 |     6 |     4 |     4 |       ||    25
       Trog's Hand       |       |     1 |     1 |     2 |     4 |       |     1 ||     9
       Burn Spellbooks   |       |       |       |     2 |     2 |       |       ||     4
       Brothers in Arms  |       |       |       |       |     2 |     8 |     7 ||    17
  Use: Scroll            |       |       |       |     7 |    26 |     4 |       ||    37
       Potion            |       |       |       |       |     1 |     2 |     3 ||     6
 Stab: Sleeping          |       |       |       |     2 |       |       |       ||     2
       Distracted        |       |       |       |       |     3 |     2 |       ||     5
  Eat: Chunk             |     2 |    13 |    12 |    31 |    38 |    19 |     2 ||   117
       Fruit             |       |       |     1 |       |       |       |       ||     1
       Meat ration       |       |       |       |     1 |       |     3 |       ||     4
       Bread ration      |       |       |       |       |     3 |     4 |     1 ||     8
       Beef jerky        |       |       |       |       |       |     1 |       ||     1
Armor: Animal skin       |    39 |    54 |    40 |    56 |     1 |       |       ||   190
       Pearl dragon armo |       |       |       |       |   177 |   244 |    37 ||   458
       Robe              |       |       |       |       |    10 |       |       ||    10
       Troll hide        |       |       |       |       |     5 |       |       ||     5
       Skin              |       |       |       |       |       |     6 |     5 ||    11
Dodge: Dodged            |    97 |   104 |    72 |   138 |   314 |   489 |    74 ||  1288
Block: Shield            |       |       |       |   313 |   880 |  1278 |   183 ||  2654
